 Dungeon Crawl Stone Soup version 0.29.1-1-gd02db6906a (webtiles) character file.

Game seed: 5744243169868078343

1643 Marcotte the Slasher (level 9, -10/66 HPs)
             Began as a Human Fighter on Sept 15, 2022.
             Was a Follower of the Shining One.
             Killed by an exploding necrophage (21 damage)
             ... ignited by their inner flame
             ... on level 5 of the Dungeon.
             The game lasted 00:28:25 (7539 turns).

Marcotte the Slasher (Human Fighter)                Turns: 7539, Time: 00:28:26

Health: -10/66     AC: 12    Str: 21    XL:     9   Next: 19%
Magic:  0/9        EV: 11    Int: 15    God:    the Shining One [*.....]
Gold:   253        SH:  5    Dex: 12    Spells: 3/8 levels left

rFire   . . .      SeeInvis .   a - +0 long sword
rCold   . . .      Faith    .   c - +0 buckler
rNeg    . . .      Spirit   +   z - +4 ring mail
rPois   .          Reflect  .   (no helmet)
rElec   .          Harm     .   s - +0 cloak
rCorr   .          Rampage  .   q - +0 pair of gloves
Will    .....                   (no boots)
Stlth   +.........              o - amulet of guardian spirit
HPRegen 0.21/turn               w - +6 ring of intelligence
MPRegen 0.11/turn               d - ring of flight

@: flying, glowing
A: no striking features
a: Renounce Religion, Divine Shield


You were on level 5 of the Dungeon.
You worshipped the Shining One.
The Shining One was aware of your devotion.
You visited 1 branch of the dungeon, and saw 5 of its levels.

You collected 353 gold pieces.
You spent 100 gold pieces at shops.

Inventory:

Hand Weapons
 a - a +0 long sword (weapon)
 p - a +3 war axe
 u - a +1 dagger of venom
 y - a +1 falchion of draining
 B - a +2 dagger of draining
 D - a +1 mace of holy wrath
Missiles
 C - 2 throwing nets (quivered)
Armour
 b - a +0 scale mail
 c - a +0 buckler (worn)
 m - a +0 plate armour
 q - a +0 pair of gloves (worn)
 s - a +0 cloak (worn)
 z - a +4 ring mail (worn)
Jewellery
 d - a ring of flight (right hand)
 h - a ring of poison resistance
 o - an amulet of guardian spirit (around neck)
 w - a +6 ring of intelligence (left hand)
 A - an amulet of guardian spirit
 P - a ring of protection from fire
Wands
 I - a wand of digging (4)
 M - a wand of iceblast (9)
Scrolls
 i - a scroll of silence
 l - a scroll of torment {unknown}
 r - 2 scrolls of identify {unknown}
 v - a scroll of vulnerability {unknown}
 G - a scroll of magic mapping {unknown}
 J - a scroll of enchant armour {unknown}
 K - a scroll of teleportation {unknown}
 L - a scroll of noise {unknown}
 N - a scroll of fear {unknown}
 O - a scroll of poison {unknown}
Potions
 e - 3 potions of ambrosia {unknown}
 f - 2 potions of attraction {unknown}
 g - a potion of brilliance {unknown}
 j - 2 potions of berserk rage {unknown}
 k - 2 potions of resistance {unknown}
 n - a potion of cancellation {unknown}
 t - 3 potions of degeneration {unknown}
 x - 2 potions of curing {unknown}
 E - a potion of heal wounds
 H - a potion of invisibility


   Skills:
 + Level 4.5 Fighting
 + Level 7.1 Long Blades
 + Level 5.1 Armour
 + Level 2.5 Dodging
 + Level 0.5 Stealth
 + Level 3.9 Shields
 * Level 3.4 Conjurations
 * Level 3.5 Fire Magic


You had 3 spell levels left.
You knew the following spells:

 Your Spells              Type           Power      Damage    Failure   Level
a - Fireball              Conj/Fire      5%         3d5       98%         5

Your spell library contained the following spells:

 Spells                   Type           Power      Damage    Failure   Level
 Necrotise                Necr           0%         1d4       50%         1
 Blink                    Tloc           0%         N/A       63%         2
 Call Canine Familiar     Summ           0%         N/A       86%         3
 Lesser Beckoning         Tloc           0%         N/A       86%         3
 Portal Projectile        Hex/Tloc       0%         N/A       86%         3
 Vampiric Draining        Necr           0%         2d6       86%         3
 Iskenderun's Battlesphe  Conj           10%        2d6       98%         5
 Leda's Liquefaction      Hex/Erth       0%         N/A       99%         4
 Agony                    Necr           0%         N/A       100%        5
 Manifold Assault         Tloc           0%         N/A       100%        5
 Conjure Ball Lightning   Conj/Air       2%         3x3d6     100%        6
 Orb of Destruction       Conj           5%         9d5       100%        7


Dungeon Overview and Level Annotations

Branches:
Dungeon (5/15)
 Temple: D:4-7

Altars:
Cheibriados
Wu Jian
Yredelemnul
The Shining One

Shops:
D:2 [   D:4 [!

Annotations:
D:5 1 runed translucent door, Crazy Yiuf


Message History

The gnoll hits you with a +0 club.
You hit the necrophage but do no damage.
The necrophage is moderately damaged.
The gnoll sergeant closely misses you. The gnoll closely misses you.
The necrophage hits you but does no damage.
The gnoll hits you with a +0 club.
You barely miss the necrophage.
The necrophage is moderately damaged.
The gnoll sergeant barely misses you. You block the gnoll's attack.
The necrophage barely misses you. The gnoll hits you but does no damage.
You hit the necrophage but do no damage.
The necrophage is moderately damaged.
The gnoll sergeant barely misses you. The gnoll barely misses you.
The necrophage hits you. The gnoll hits you with a +0 club.
You hit the necrophage.
The necrophage is heavily damaged.
The gnoll sergeant hits you but does no damage.
The gnoll closely misses you. The necrophage closely misses you.
The gnoll hits you with a +0 club.
You hit the necrophage.
The necrophage is severely damaged.
The gnoll sergeant hits you with a +0 spear!
* * * LOW HITPOINT WARNING * * *
The gnoll hits you but does no damage. The necrophage hits you.
* * * LOW HITPOINT WARNING * * *
The gnoll closely misses you.
As you read the scroll labelled ZEOFIUMEFF, it crumbles to dust.
The creatures around you are filled with an inner flame!
It was a scroll of immolation.
The gnoll sergeant hits you with a +0 spear.
* * * LOW HITPOINT WARNING * * *
The gnoll barely misses you.
The necrophage hits you but does no damage.
The gnoll hits you but does no damage.
You slash the necrophage! The Shining One accepts your kill.
You feel better.
You feel your power returning.
The necrophage explodes!
The fiery explosion engulfs you!!
You die...

####.######### #.# #....#
#............########.###########
...........................# #
############.#############.# #
... #.#..ggg......#.# # #.#
#.#g####.####.#.# # #g#
#.#.g.g#)#....#.# #
#.#.####.####g#g#.####.# #
#g#........ยง@g#g#......## #
#####.#############)######..# #
......)........g............#####
####..######.g...................
##........####################
##########


You could see a gnoll sergeant (inner flame) and 2 gnolls.

Vanquished Creatures
  3 yaks (D:5)
  Eustachio (D:5)
  A sky beast (D:4)
  A black bear (D:5)
  An ogre (D:5)
  Blork the orc (D:5)
  2 necrophages
  2 scorpions (D:5)
  5 orc priests
  A hound (D:5)
  2 iguanas (D:5)
  2 orc wizards
  A mummy (D:3)
  10 adders
  6 gnolls
  An ufetubus (D:5)
  4 worms
  3 dart slugs
  17 orcs
  8 endoplasms
  A giant cockroach (D:2)
  8 goblins
  3 hobgoblins
  13 jackals
  7 kobolds
  3 quokkas
  8 ball pythons
  5 bats
  4 frilled lizards
  3 rats
127 creatures vanquished.

Vanquished Creatures (others)
  2 withered plants (D:3)
2 creatures vanquished.

Grand Total: 129 creatures vanquished

Notes
Turn   | Place    | Note
-------+----------+-------------------------------------------
     0 | D:1      | Marcotte the Human Fighter began the quest for the Orb.
     0 | D:1      | Reached XP level 1. HP: 18/18 MP: 1/1
   337 | D:1      | Reached XP level 2. HP: 24/24 MP: 2/2
  1268 | D:2      | Found a faded altar of an unknown god.
  1570 | D:2      | Reached XP level 3. HP: 29/29 MP: 3/3
  1971 | D:2      | Reached skill level 1 in Dodging
  1976 | D:2      | Reached XP level 4. HP: 35/35 MP: 4/4
  2097 | D:2      | Found Jugao's Antique Armour Emporium.
  2810 | D:3      | Reached skill level 3 in Long Blades
  2811 | D:3      | Found a glowing golden altar of the Shining One.
  2820 | D:3      | Became a worshipper of the Shining One
  3051 | D:3      | Reached XP level 5. HP: 40/41 MP: 5/5
  3536 | D:3      | Reached XP level 6. HP: 43/48 MP: 6/6
  3555 | D:3      | Reached skill level 4 in Long Blades
  3836 | D:3      | Found a snail-covered altar of Cheibriados.
  4044 | D:3      | Learned a level 5 spell: Fireball
  4258 | D:3      | Found a basalt altar of Yredelemnul.
  4445 | D:4      | Noticed a sky beast
  4459 | D:4      | Killed a sky beast
  4486 | D:4      | Reached XP level 7. HP: 36/54 MP: 5/7
  4620 | D:4      | Reached skill level 5 in Long Blades
  4620 | D:4      | Reached skill level 1 in Conjurations
  4620 | D:4      | Reached skill level 1 in Fire Magic
  4695 | D:4      | Found Liobu's Antique Armour Shop.
  4839 | D:4      | Found Javvipiq's Distillery.
  4846 | D:4      | Bought a potion of heal wounds for 50 gold pieces
  4846 | D:4      | Bought a potion of heal wounds for 50 gold pieces
  5028 | D:4      | Reached * piety under the Shining One
  5346 | D:4      | Found an ornate altar of the Wu Jian Council.
  5351 | D:4      | Noticed a spectral centipede
  5351 | D:4      | Noticed a spectral black mamba
  5351 | D:4      | Noticed a spectral cane toad
  5413 | D:4      | Identified the +10 trident "Peimiukk" {vorpal, Fly rElec}
  5532 | D:5      | Entered Level 5 of the Dungeon
  5837 | D:5      | Noticed Blork the orc
  5850 | D:5      | Killed Blork the orc
  5851 | D:5      | Reached XP level 8. HP: 52/60 MP: 6/8
  5970 | D:5      | Noticed a yak
  5970 | D:5      | Noticed a yak
  5972 | D:5      | Noticed a yak
  5983 | D:5      | Killed a yak
  5984 | D:5      | Killed a yak
  5985 | D:5      | Reached skill level 6 in Long Blades
  5992 | D:5      | Killed a yak
  6139 | D:5      | Found a runed translucent door.
  6140 | D:5      | Noticed Crazy Yiuf
  6866 | D:5      | Reached XP level 9. HP: 46/66 MP: 7/9
  7008 | D:5      | Reached skill level 5 in Armour
  7346 | D:5      | Noticed Eustachio
  7367 | D:5      | Killed Eustachio
  7368 | D:5      | Reached skill level 7 in Long Blades
  7539 | D:5      | Killed by an exploding necrophage... ignited by their inner
                  | flame

Illustrated notes

Levels and vault maps discovered:
D:1:      ncdulo_watergridlock, layout_basic
D:2:      layout_basic, serial_shops, nicolae_shop_statue_plus, serial_glass,
          glass_columns_a, glass_columns_b, glass_columns_b, glass_columns_b,
          glass_columns_c, ebering_ecumenical_altar_petrified,
          skrybe_limestone_x
D:3:      layout_loops_corners, yredelemnul_altar_generic,
          mainiacjoe_overflow_tiny_flanked, chei_slow_surprise,
          minmay_starry_boxes
D:4:      layout_loops_ring, pdpol_wu_jian_five_deadly_venoms, serial_shops,
          nicolae_shop_competitors_out_of_business, nicolae_shop_behind_doors,
          minmay_between
D:5:      layout_basic, roderic_lattice_a, uniq_blork_the_orc,
          uniq_crazy_yiuf_cottage, uniq_eustachio

Skill      XL: |  1  2  3  4  5  6  7  8  9 |
---------------+----------------------------+-----
Dodging        | 1 2 |  2.5
Long Blades    | 3 4 5 6 7 |  7.1
Fighting       | 4 |  4.5
Armour         | 4 5 |  5.1
Conjurations   | 1 3 |  3.4
Fire Magic     | 2 3 |  3.5
Stealth        | |  0.5
Shields        | |  3.9

Action                   |  1- 3 |  4- 6 |  7- 9 || total
-------------------------+-------+-------+-------++-------
Melee: Long sword        |    95 |   203 |   249 ||   547
  Use: Potion            |     1 |     1 |     4 ||     6
       Scroll            |     1 |       |     2 ||     3
Armor: Scale mail        |    68 |    37 |       ||   105
       Ring mail         |       |    60 |    99 ||   159
Dodge: Dodged            |    56 |   112 |   134 ||   302
Block: Buckler           |    33 |    38 |    55 ||   126
